 Dungeon Crawl Stone Soup version 0.30-a0-557-ge2afbf3030 (webtiles) character file.

Game seed: 10409638008630388343

591 bmack86 the Covered (level 7, 0/62 HPs)
             Began as a Minotaur Fighter on Dec 27, 2022.
             Was an Initiate of Okawaru.
             Slain by Edmund
             ... wielding a +2 flail of protection
              (1 damage)
             ... on level 4 of the Dungeon.
             The game lasted 00:09:37 (3357 turns).

bmack86 the Covered (Minotaur Fighter)              Turns: 3357, Time: 00:09:37

Health: 0/62       AC: 11    Str: 23    XL:     7   Next: 16%
Magic:  6/6        EV:  8    Int:  5    God:    Okawaru [......]
Gold:   121        SH:  9    Dex:  9    Spells: 6/6 levels left

rFire   . . .      SeeInvis .    a - +1 war axe
rCold   . . .      Faith    .    o - +0 kite shield
rNeg    . . .      Spirit   .    b - +0 scale mail
rPois   .          Reflect  .    (helmet restricted)
rElec   .          Harm     .    (no cloak)
rCorr   .          Rampage  .    (no gloves)
Will    +....                    (no boots) Stlth
                                 (no amulet)
HPRegen 0.30/turn                q - +4 ring of protection
MPRegen 0.10/turn                s - ring of willpower

@: mighty
A: horns 2, retaliatory headbutt
a: Renounce Religion


You were on level 4 of the Dungeon.
You worshipped Okawaru.
Okawaru was noncommittal.
You visited 2 branches of the dungeon, and saw 5 of its levels.

You collected 121 gold pieces.

Inventory:

Hand Weapons
 a - a +1 war axe (weapon)
Missiles
 j - 6 poisoned darts (quivered)
 v - 4 boomerangs
Armour
 b - a +0 scale mail (worn)
 c - a +0 buckler
 o - a +0 kite shield (worn)
Jewellery
 q - a +4 ring of protection (left hand)
 s - a ring of willpower (right hand)
Scrolls
 g - a scroll of vulnerability {unknown}
 h - 3 scrolls of teleportation {unknown}
 i - a scroll of magic mapping {unknown}
 m - 2 scrolls of poison
 n - a scroll of enchant weapon
 r - 2 scrolls of fear
 t - a scroll of fog {unknown}
 u - a scroll of torment {unknown}
Potions
 e - 3 potions of mutation
 f - 2 potions of attraction
 k - 4 potions of curing
 l - 2 potions of cancellation
 p - a potion of degeneration


   Skills:
 + Level 5.8 Fighting
 + Level 5.2 Axes
 + Level 5.8 Armour
 + Level 5.8 Shields


You had 6 spell levels left.
You didn't know any spells.
Your spell library contained the following spells:

 Spells                   Type           Power      Damage    Failure   Level
 Magic Dart               Conj           0%         1d3       98%         1
 Momentum Strike          Conj/Tloc      0%         3d8       99%         2
 Mephitic Cloud           Conj/Pois/Air  0%         N/A       100%        3
 Manifold Assault         Tloc           0%         N/A       100%        4
 Passage of Golubria      Tloc           0%         N/A       100%        4
 Call Imp                 Summ           Unusable   N/A       N/A         2
 Summon Ice Beast         Ice/Summ       Unusable   N/A       N/A         4

Dungeon Overview and Level Annotations

Branches:
Dungeon (4/15)             Temple (1/1) D:4

Altars:
Cheibriados
Dithmenos
Gozag
Hepliaklqana
Makhleb
Okawaru
Qazlal
Sif Muna
Yredelemnul
Zin

Annotations:
D:4 Edmund


Innate Abilities, Weirdness & Mutations

You have a pair of horns on your head.
You reflexively headbutt those who attack you in melee.


Message History

Found a stone staircase leading up.
Menkaure gestures wildly while chanting.
Menkaure seems to speed up.
Menkaure hits you but does no damage.
You completely miss Menkaure. You block Menkaure's attack. Menkaure hits you!
You barely miss Menkaure. Menkaure barely misses you. You furiously retaliate!
You headbutt Menkaure! Menkaure hits you!
You slash Menkaure!
Menkaure is almost destroyed.
Menkaure calls on the powers of darkness!
Your body is wracked with pain!
* * * LOW HITPOINT WARNING * * *
You closely miss Menkaure.
Menkaure is almost destroyed.
Menkaure gestures at you while chanting.
Pain shoots through your body!
* * * LOW HITPOINT WARNING * * *
Menkaure hits you but does no damage.
You slash Menkaure!
You destroy Menkaure!
Okawaru accepts your kill.
Your Axes skill increases to level 5!
You have reached level 7!
You start resting.
Edmund the Younger comes into view.
He is wielding a +2 flail of protection.
Edmund shouts!
Found a leather armour.
You completely miss Edmund. You headbutt Edmund!
Edmund is moderately wounded.
Edmund hits you with a +2 flail of protection.
* * * LOW HITPOINT WARNING * * *
Edmund hits you but does no damage.
You closely miss Edmund.
Edmund is moderately wounded.
Edmund hits you with a +2 flail of protection.
* * * LOW HITPOINT WARNING * * *
You closely miss Edmund. You headbutt Edmund.
Edmund is moderately wounded.
Edmund hits you with a +2 flail of protection.
You die...

#######.####.###.##.#
#.##.#.###.##.#
#.#.#...##.##.#
#..###..##.#..## #.##
###.#.#.#.# # #.^
##.......... .#
#.#.#..#.#.#.#.#.# .#
#.##.#...........[ #
#......#.#@#.#.#.#
######....@.......
#.#.#<#.#.#.#
......###### ###..#.
#..#.# #..#.# #..#.#


You could see Edmund.

Vanquished Creatures
  Menkaure (D:4)
  A phantom (D:4)
  A kobold brigand (D:4)
  A scorpion (D:3)
  An orc priest (D:3)
  A hound (D:4)
  Natasha (twice) (D:2)
  Robin (D:2)
  A gnoll (D:1)
  3 adders (D:2)
  An ufetubus (D:4)
  3 worms
  A dart slug (D:1)
  5 orcs (D:3)
  8 ball pythons
  3 bats
  13 endoplasms
  6 giant cockroaches
  12 goblins
  9 hobgoblins
  4 jackals (D:1)
  4 kobolds
  4 quokkas
  6 frilled lizards
  5 rats
97 creatures vanquished.

Vanquished Creatures (others)
  18 plants (D:2)
18 creatures vanquished.

Grand Total: 115 creatures vanquished

Notes
Turn   | Place    | Note
-------+----------+-------------------------------------------
     0 | D:1      | bmack86 the Minotaur Fighter began the quest for the Orb.
     0 | D:1      | Reached XP level 1. HP: 19/19 MP: 0/0
   148 | D:1      | Reached XP level 2. HP: 23/27 MP: 1/1
   477 | D:1      | Reached XP level 3. HP: 29/33 MP: 2/2
   913 | D:2      | Found a shadowy altar of Dithmenos.
  1020 | D:2      | Noticed Robin
  1030 | D:2      | Killed Robin
  1031 | D:2      | Reached XP level 4. HP: 35/41 MP: 3/3
  1352 | D:2      | Found a faded altar of an unknown god.
  1471 | D:2      | Noticed Natasha
  1476 | D:2      | Killed Natasha
  1477 | D:2      | Reached XP level 5. HP: 45/47 MP: 4/4
  1587 | D:2      | Noticed Natasha
  1599 | D:2      | Killed Natasha
  2372 | D:3      | Reached skill level 5 in Fighting
  2372 | D:3      | Reached skill level 5 in Shields
  2476 | D:3      | Reached skill level 5 in Armour
  2501 | D:3      | Reached XP level 6. HP: 41/56 MP: 5/5
  2989 | D:4      | Found a staircase to the Ecumenical Temple.
  3000 | Temple   | Entered the Ecumenical Temple
  3013 | Temple   | Became a worshipper of Warmaster Okawaru
  3039 | D:4      | Got the Volume of Discontinuous Cold
  3327 | D:4      | Noticed Menkaure
  3337 | D:4      | HP: 1/56 [Menkaure/nerve-wracking pain (12)]
  3338 | D:4      | Killed Menkaure
  3339 | D:4      | Reached skill level 5 in Axes
  3339 | D:4      | Reached XP level 7. HP: 2/62 MP: 6/6
  3348 | D:4      | Noticed Edmund
  3355 | D:4      | HP: 2/62 [Edmund/+2 flail of protection (5)]
  3357 | D:4      | Slain by Edmund

Illustrated notes

Levels and vault maps discovered:
D:1:      evilmike_arrival_home_sweet_home, layout_basic
D:2:      layout_loops_ring, basic_altar, serial_bayou, serial_bayou_shore_a,
          serial_bayou_shore_b, serial_bayou_pond_d, serial_bayou_lake_a,
          dilly_ecumenical_altar_fadedgnrine, minmay_pentomino_x2, uniq_robin,
          uniq_natasha
D:3:      layout_loops_corners, grunt_ministairs_14
D:4:      layout_loops_ring, temple_fountains, st_stairs_12,
          minmay_joined_circles, uniq_menkaure, uniq_edmund
Temple:   nicolae_temple_ecumenical_triangle

Skill      XL: |  1  2  3  4  5  6 |
---------------+-------------------+-----
Fighting       | 4 5 |  5.8
Shields        | 4 5 |  5.8
Armour         | 4 5 |  5.8
Axes           | 3 4 5 |  5.2

Action                   |  1- 3 |  4- 6 |  7- 9 || total
-------------------------+-------+-------+-------++-------
Melee: War axe           |    72 |   151 |     3 ||   226
       Headbutt          |     9 |    21 |     2 ||    32
  Use: Scroll            |     3 |     5 |       ||     8
       Potion            |       |     1 |       ||     1
Armor: Scale mail        |    31 |    60 |     1 ||    92
Dodge: Dodged            |    42 |    76 |       ||   118
Block: Buckler           |    20 |    23 |       ||    43
       Kite shield       |       |    25 |       ||    25

Table legend: (Time is in decaauts)
 A = Elapsed time spent in this place.
 B = Non-inter-level travel time spent in this place.
 C = Inter-level travel time spent in this place.
 D = Time resting spent in this place.
 E = Time spent auto-exploring this place.
 F = Levels seen in this place.
 G = Mean time per level.
                   A        B        C        D        E       F      G
               +--------+--------+--------+--------+--------+-----+--------+
         Total |   3507 |   3477 |     30 |    162 |   2099 |   5 |  701.4 |
       Dungeon |   3481 |   3451 |     30 |    162 |   2099 |   4 |  870.2 |
        Temple |     26 |     26 |      0 |      0 |      0 |   1 |   26.0 |
               +--------+--------+--------+--------+--------+-----+--------+

Top non-repeatable levels by time:
     D:2: 1269 daAuts
     D:3: 984 daAuts
     D:1: 858 daAuts
     D:4: 368 daAuts
  Temple: 26 daAuts
